 Dungeon Crawl Stone Soup version 0.27.0-1-g7a089689b8 (webtiles) character file.

Game seed: 12570161072660549725

123 horus123 the Ducker (level 4, -6/26 HPs)
             Began as a Deep Elf Gladiator on Aug 4, 2021.
             Was an Initiate of Zin.
             Mangled by an orc priest (10 damage)
             ... on level 3 of the Dungeon.
             The game lasted 00:14:51 (3369 turns).

horus123 the Ducker (Deep Elf Gladiator)            Turns: 3369, Time: 00:14:51

Health: -6/26      AC:  3    Str: 17    XL:     4   Next: 79%
Magic:  5/8        EV: 14    Int: 14    God:    Zin [......]
Gold:   36         SH:  0    Dex: 16    Spells: 2/5 levels left

rFire    . . .     SeeInvis .   a - +0 rapier
rCold    . . .     Faith    .   (no shield)
rNeg     . . .     Spirit   .   j - +0 robe
rPois    .         Reflect  .   c - +0 helmet
rElec    .         Harm     .   (no cloak)
rCorr    .         Rampage  .   (no gloves)
Will     .....                  (no boots)
Stlth    ++........             (no amulet)
HPRegen  0.08/turn              i - ring of wizardry
MPRegen  0.11/turn              k - +6 ring of strength

@: no status effects
A: no striking features
a: Renounce Religion, Donate Gold


You were on level 3 of the Dungeon.
You worshipped Zin.
Zin was noncommittal.
You visited 1 branch of the dungeon, and saw 3 of its levels.

You collected 40 gold pieces.
You donated 4 gold pieces to Zin.

Inventory:

Hand Weapons
 a - a +0 rapier (weapon)
Missiles
 d - a throwing net
 f - 8 silver javelins (quivered)
Armour
 c - a +0 helmet (worn)
 j - a +0 robe (worn)
Jewellery
 b - a ring of flight
 i - a ring of wizardry (left hand)
 k - a +6 ring of strength (right hand)
Scrolls
 l - a scroll of amnesia {unknown}
Potions
 e - a potion of attraction
 g - 2 potions of degeneration
 h - a potion of berserk rage {unknown}


   Skills:
 + Level 1.9 Fighting
 + Level 3.7 Short Blades
 + Level 2.2 Throwing
 + Level 0.9 Armour
 + Level 4.2 Dodging
 + Level 0.4 Stealth
 + Level 1.3 Spellcasting
 + Level 1.4 Conjurations
 + Level 1.7 Fire Magic


You had 2 spell levels left.
You knew the following spells:

 Your Spells              Type           Power      Damage    Failure   Level
a - Foxfire               Conj/Fire      20%        2x1d5     5%          1
b - Passwall              Tmut/Erth      0%         N/A       16%         2

Your spell library contained the following spells:

 Spells                   Type           Power      Damage    Failure   Level
 Conjure Flame            Conj/Fire      5%         6-21      16%         3
 Inner Flame              Hex/Fire       3%         N/A       21%         3
 Ignite Poison            Fire/Tmut/Pois 2%         N/A       24%         3
 Mephitic Cloud           Conj/Pois/Air  2%         N/A       26%         3
 Swiftness                Air            0%         N/A       28%         3
 Cause Fear               Hex            0%         N/A       65%         4
 Bolt of Magma            Conj/Fire/Erth 1%         4d4       86%         5
 Invisibility             Hex            0%         N/A       100%        6
 Discord                  Hex            0%         N/A       100%        8


Dungeon Overview and Level Annotations

Branches:
Dungeon (3/15)

Altars:
Zin

Shops:
D:3 *


Message History

You puncture the orc!
You kill the orc!
You closely miss the orc. You hit the orc.
The orc is lightly wounded.
The orc barely misses you.
The orc priest calls upon Beogh to heal the orc.
The orc's wounds heal themselves!
You hit the orc.
The orc is heavily wounded.
The orc hits you with a +0 hand axe.
You barely miss the orc.
The orc is heavily wounded.
The orc hits you with a +0 hand axe.
You puncture the orc!
You kill the orc!
The orc priest invokes the aid of Beogh against you.
Beogh smites you!
* * * LOW HITPOINT WARNING * * *
Casting: Foxfire (safe; 6% risk of failure)
Confirm with . or Enter, or press ? or * to list all spells.
You conjure some foxfire!
The foxfire hits the orc priest but does no damage. x2
The orc hits you with a +0 club.
* * * LOW HITPOINT WARNING * * *
You closely miss the orc. You hit the orc.
The orc is heavily wounded.
The orc priest casts a cantrip, but nothing happens.
The orc closely misses you.
You closely miss the orc.
The orc is heavily wounded.
The orc hits you but does no damage.
You hit the orc.
You kill the orc!
You hit the orc priest but do no damage.
The orc priest hits you with a +2 falchion of electrocution.
* * * LOW HITPOINT WARNING * * *
You are electrocuted!
You die...

...# ##.......#...#....# #.#.
#### #)......#.#.#.#### #.#.
#.......#.#.#.# #.##
##......#.#.#.# #...
#.###..#.#.#.# #..#
#.###..#.#.#.# #..#
#..##..#.#.#.# #..#
##.##..#.#.#.#########
#########..#@.#.#............
#....).....o).#.###..........
......)#####....#.....#########
....... ##...#####.# .)[....
#...# #.# ....... ##..# #.#
....... #..# #.# ....... #..#
#.# .##.### #># #.#


You could see an orc priest.

Vanquished Creatures
  Jessica (D:2)
  2 adders (D:3)
  4 dart slugs
  4 orcs (D:3)
  6 endoplasms
  A giant cockroach (D:2)
  2 goblins (D:2)
  6 hobgoblins
  9 jackals
  4 kobolds (D:1)
  A quokka (D:1)
  5 ball pythons
  7 bats
  3 frilled lizards
  3 rats
  A spectral kobold (D:1)
59 creatures vanquished.

Vanquished Creatures (others)
  82 foxfires
82 creatures vanquished.

Grand Total: 141 creatures vanquished

Notes
Turn   | Place    | Note
-------+----------+-------------------------------------------
     0 | D:1      | horus123 the Deep Elf Gladiator began the quest for the
                  | Orb.
     0 | D:1      | Reached XP level 1. HP: 12/12 MP: 3/3
    20 | D:1      | Found a faded altar of an unknown god.
   547 | D:1      | Reached XP level 2. HP: 15/17 MP: 4/4
   553 | D:1      | Learned a level 1 spell: Foxfire
  1621 | D:1      | Reached skill level 1 in Fire Magic
  1706 | D:2      | Reached skill level 4 in Dodging
  1764 | D:2      | Reached XP level 3. HP: 21/21 MP: 0/5
  1821 | D:2      | Noticed Jessica
  1827 | D:2      | Killed Jessica
  1913 | D:2      | Reached skill level 1 in Spellcasting
  2061 | D:2      | Reached XP level 4. HP: 26/26 MP: 7/7
  2524 | D:2      | Learned a level 2 spell: Passwall
  2749 | D:3      | Reached skill level 1 in Conjurations
  3139 | D:3      | Found Ceiwarr's General Store.
  3173 | D:3      | Found a glowing silver altar of Zin.
  3173 | D:3      | Noticed an angel
  3183 | D:3      | Became a worshipper of Zin the Law-Giver
  3369 | D:3      | Mangled by an orc priest

Illustrated notes

Levels and vault maps discovered:
D:1:      dpeg_arrival_rooms_a, layout_basic,
          dreamdust_ecumenical_altar_drowned_temple
D:2:      layout_rooms, uniq_jessica
D:3:      layout_basic, zin_angel, serial_shops, nicolae_shop_statue_plus

Skill      XL: |  1  2  3  4 |
---------------+-------------+-----
Fire Magic     | 1 |  1.7
Dodging        | 4 |  4.2
Spellcasting   | 1 |  1.3
Conjurations   | 1 |  1.4
Fighting       | |  1.9
Short Blades   | |  3.7
Throwing       | |  2.2
Armour         | |  0.9
Stealth        | |  0.4

Action                   |  1- 3 |  4- 6 || total
-------------------------+-------+-------++-------
Melee: Rapier            |    67 |    41 ||   108
Throw: Throwing net      |     2 |       ||     2
       Javelin           |     5 |    11 ||    16
 Cast: Foxfire           |    30 |    21 ||    51
  Use: Scroll            |     3 |     2 ||     5
Armor: Leather armour    |    16 |     4 ||    20
       Robe              |       |     3 ||     3
Dodge: Dodged            |    57 |    33 ||    90
